[Event "Late-Titled-Tuesday-Blitz-October-24-2023"]
[Site "Chess.com"]
[Date "2023.10.24"]
[Round "9"]
[White "KNVB"]
[Black "TigrVShlyape"]
[Result "1-0"]
[WhiteElo "2695"]
[BlackElo "2829"]
[TimeControl "180+1"]
[EndTime "15:44:14 PDT"]
[Termination "KNVB won on time"]

1. d4 Nf6 2. Nc3 d5 3. Bf4 Bf5 4. e3 a6 5. Nf3 e6 6. Ne5 Nfd7 7. g4 Bg6 8. Nxg6 hxg6 9. e4 c6 10. Qf3 Nf6 11. O-O-O dxe4 12. Nxe4 Nxe4 13. Qxe4 Qd5 14. Qxd5 cxd5 15. c4 Nc6 16. cxd5 exd5 17. Bg2 O-O-O 18. h4 Bd6 19. Be3 Be7 20. h5 gxh5 21. gxh5 Bf6 22. Bf3 Kc7 23. a3 b5 24. Kc2 Kb6 25. b3 b4 26. a4 Rc8 27. Kd3 Ne7 28. Rc1 a5 29. Bd2 Rxc1 30. Rxc1 Rd8 31. Rc5 Rd7 32.
Rb5+ Ka6 33. Bf4 Rb7 34. Rc5 Rd7 35. Be3 Kb6 36. Rb5+ Ka6 37. Bg2 Rb7 38. Rc5 Rd7 39.
Bf4 Kb6 40. Rb5+ Ka6 41. h6 gxh6 42. Bxh6 Rc7 43. Bxd5 Nxd5 44. Rxd5 Rc3+ 45. Ke4 Bh4 46. Rd6+ Kb7 47. Rd7+ Ka6 48. Rd6+ Kb7 49. Rd7+ Ka6 50. Rxf7 Rxb3 51. d5 Rb1 52. Rf8 Rd1 53. Rb8 Bxf2 54.
Rb5 Bb6 55. Bf4 Ra1 56. d6 Rxa4 57. Rxb6+ Kxb6 58. d7 b3+ 59. Ke3 1-0

[Event "Late-Titled-Tuesday-Blitz-October-24-2023"]
[Site "Chess.com"]
[Date "2023.10.24"]
[Round "9"]
[White "jk13"]
[Black "WPWPWP-2015"]
[Result "1/2-1/2"]
[WhiteElo "2673"]
[BlackElo "2596"]
[TimeControl "180+1"]
[EndTime "15:44:19 PDT"]
[Termination "Game drawn by repetition"]

1. e4 e5 2. Nf3 Nc6 3. Bc4 Nf6 4. d3 Bc5 5. O-O O-O 6. c3 d6 7.
Bb3 h6 8. h3 Re8 9. Re1 a5 10.
Nbd2 b5 11. Nf1 a4 12. Bc2 Nb8 13. Ng3 c6 14. d4 Bb6 15. Be3 Bc7 16. Qd2 Kh7 17.
Rad1 Qe7 18. Nh4 Qf8 19. Nhf5 Be6 20. a3 Na6 21. f4 Rad8 22. Qc1 Bc8 23. Rf1 exd4 24.
Nxd4 Kg8 25. Nxc6 Rd7 26. Nd4 Nc5 27. Nxb5 Bb6 28. Bd4 Ba6 29. c4 Qe7 30. e5 dxe5 31.
fxe5 Nh7 32. Nf5 Qe6 33. Nfd6 Rf8 34. Bf5 Qe7 35. Qc2 Ng5 36. h4 Nge6 37. Qf2 Bxb5 38. Nxb5 Rxd4 39. Nxd4 Nxd4 40. Rxd4 Nb3 41. Kh1 Bxd4 42.
Qf3 Qxh4+ 43. Bh3 Bxe5 44. Kg1 Qd4+ 45. Kh1 Qxc4 46. Qf5 Bf6 47. Rf4 Qc1+ 48. Kh2 Qc7 49. Kh1 Bg5 50. Rf1 Nd4 51. Qe4 Nc6 52. Qc4 Qd6 53.
Rg1 Ne5 54. Qe4 Ng6 55. Qxa4 Nf4 56. Qb3 Ne2 57. Re1 Ng3+ 58. Kg1 Qc5+ 59. Kh2 Bf4 60. Qf3 Ne2+ 61. Kh1 Ng3+ 62. Kh2 Ne2+ 63. Kh1 Ng3+ 64. Kh2 1/2-1/2

[Event "Late-Titled-Tuesday-Blitz-October-24-2023"]
[Site "Chess.com"]
[Date "2023.10.24"]
[Round "9"]
[White "Mikhal867"]
[Black "effefe"]
[Result "1-0"]
[WhiteElo "2442"]
[BlackElo "2336"]
[TimeControl "180+1"]
[EndTime "15:44:19 PDT"]
[Termination "Mikhal867 won on time"]

1. d4 Nf6 2. c4 g6 3. f3 Bg7 4. e4 d6 5. Nc3 O-O 6. Be3 e5 7. Nge2 a6 8. Qd2 Nc6 9. d5 Ne7 10. Nc1 c6 11. Be2 cxd5 12. cxd5 Nd7 13. g4 b5 14. Nb3 Nb6 15. h4 Bd7 16. h5 Rc8 17. Bh6 Bh8 18. Bxf8 Qxf8 19. hxg6 fxg6 20. Qh6 Qf7 21. Rc1 Nc4 22. Bxc4 Rxc4 23. Nd2 Rd4 24. Ne2 Rd3 25. Rc7 Be8 26. Nc1 Rd4 27. Qe3 Bf6 28.
Ne2 Ra4 29. a3 Qf8 30. g5 Bg7 31. Qa7 Nxd5 32. exd5 e4 33. Rxg7+ Qxg7 34. Qxg7+ Kxg7 35. Nxe4 Bf7 36. N2c3 Rd4 37. Nxd6 Bxd5 38. Nxd5 Rxd5 39. Ne4 Rd3 40. O-O Rb3 41. Rf2 Kf7 42. f4 a5 43.
Kg2 b4 44. a4 Re3 45. Nd6+ Ke6 46. Nc4 Re4 47. Nxa5 b3 48. Nxb3 Kf5 49. Nc5 Rb4 50. b3 Kg4 51. Rf3 Rb8 52. a5 Rd8 53. a6 Rd2+ 54.
Rf2 Rd1 55. a7 Ra1 56. Na4 Rh1 57. a8=B Rh3 58. Bf3+ Kh4 59. Nc5 Rg3+ 60. Kf1 Rh3 61. Ne4 1-0

[Event "Late-Titled-Tuesday-Blitz-October-24-2023"]
[Site "Chess.com"]
[Date "2023.10.24"]
[Round "9"]
[White "tylityli"]
[Black "Yushko_Olga"]
[Result "0-1"]
[WhiteElo "2290"]
[BlackElo "2145"]
[TimeControl "180+1"]
[EndTime "15:44:23 PDT"]
[Termination "Yushko_Olga won on time"]

1. d4 e6 2. c4 f5 3. Nc3 Nf6 4.
a3 Be7 5. g3 O-O 6. Bg2 d6 7.
Bf4 Qe8 8. e4 fxe4 9. Nxe4 e5 10. Be3 exd4 11. Qxd4 Nc6 12. Nxf6+ Bxf6 13. Qd2 Bg4 14. h3 Bh5 15. g4 Bg6 16. Ne2 Be4 17. Bxe4 Qxe4 18. Qd5+ Qxd5 19. cxd5 Ne7 20. O-O-O Bh4 21.
Rhf1 Rae8 22. Nf4 Rf7 23. Ng2 Bf6 24. f4 h6 25. Kc2 Ng6 26. Rd3 Rfe7 27. b4 Re4 28.
Kd2 Ne7 29. Rc1 c6 30. dxc6 Nxc6 31. Rxd6 Bb2 32. Rc2 Bxa3 33. Rd7 Bxb4+ 34. Kd3 R8e7 35. Rxe7 Rxe7 36. Rc4 Bd6 37. Ra4 a6 38. Ne1 b5 39.
Re4 Rxe4 40. Kxe4 Bb4 41. Nd3 Be7 42. Kd5 Nb4+ 43. Nxb4 Bxb4 44. Kc6 Bc3 45. Kb6 b4 46. Bc1 b3 47. Kxa6 b2 48. Bxb2 Bxb2 49. Kb5 Kf7 50. Kc4 Bc1 51. f5 Kf6 52. Kd5 Kg5 53. Ke6 Bb2 54. Kf7 Kh4 55. Kg6 Kxh3 56. g5 hxg5 57. Kxg5 Bf6+ 58. Kg6 Kg4 59. Kf7 Kxf5 60. Kg8 g5 0-1

[Event "Late-Titled-Tuesday-Blitz-October-24-2023"]
[Site "Chess.com"]
[Date "2023.10.24"]
[Round "9"]
[White "Mikedannnn"]
[Black "GMKrikor"]
[Result "0-1"]
[WhiteElo "2583"]
[BlackElo "2813"]
[TimeControl "180+1"]
[EndTime "15:44:27 PDT"]
[Termination "GMKrikor won on time"]

1. e4 e6 2. d4 d5 3. Nc3 Nf6 4. e5 Nfd7 5. f4 c5 6. Nf3 Nc6 7. Be3 a6 8. Qd2 b5 9. a3 Qa5 10. Rd1 b4 11. axb4 Qxb4 12. b3 Be7 13. Na4 cxd4 14. Nxd4 Nxd4 15. Bxd4 a5 16. Be2 Ba6 17.
O-O Qxd2 18. Rxd2 Bxe2 19. Rxe2 O-O 20. f5 Rfc8 21. Rf3 Rc6 22. Ref2 Rac8 23. fxe6 fxe6 24. Rf7 Re8 25. g3 Nf8 26. h4 Ng6 27. h5 Nh8 28.
R7f3 Rec8 29. c3 Rb8 30. Kg2 h6 31. Rb2 Nf7 32. Rff2 Ng5 33. Rfe2 Ne4 34. c4 Ng5 35. cxd5 exd5 36. Rbc2 Rbc8 37. Rxc6 Rxc6 38. Ra2 Ne6 39. Bf2 Bb4 40. Nb6 d4 41. Nc4 Rc5 42. Re2 Rd5 43. Re1 d3 44. Rd1 Kf7 45. Be3 Ke8 46. Kf3 Rd7 47. Ke4 Bc5 48. Rxd3 Bxe3 49. Kxe3 Ra7 50. Nd6+ Kf8 51. Nf5 Nc7 52. Rd8+ Kf7 53. Nd4 Nd5+ 54. Rxd5 Rb7 55. Rb5 Ke8 0-1

[Event "Late-Titled-Tuesday-Blitz-October-24-2023"]
[Site "Chess.com"]
[Date "2023.10.24"]
[Round "9"]
[White "leoduarte"]
[Black "HaryKane"]
[Result "0-1"]
[WhiteElo "2397"]
[BlackElo "2518"]
[TimeControl "180+1"]
[EndTime "15:44:42 PDT"]
[Termination "HaryKane won on time"]

1. d4 d5 2. Nf3 Nf6 3. c4 c6 4. Qc2 e6 5. Nbd2 Nbd7 6. g3 Be7 7. Bg2 O-O 8. O-O b6 9. Rd1 Bb7 10. e4 dxe4 11. Nxe4 Nxe4 12. Qxe4 Nf6 13. Qe2 Re8 14. Bf4 Rc8 15. Ne5 Nd7 16. h4 Nxe5 17. Bxe5 Bd6 18. c5 Bf8 19. Rd2 bxc5 20. dxc5 Qa5 21. Bd6 Rcd8 22.
a3 Bxd6 23. cxd6 Rd7 24. Rc1 Qb6 25. b4 Red8 26. Qe5 h6 27. Qc5 Qa6 28. Rc3 Rc8 29. Be4 Qb6 30. a4 Qa6 31. a5 Ba8 32. b5 Qxa5 33.
bxc6 Qxc5 34. Rxc5 Rdd8 35. c7 Bxe4 36. d7 Rxc7 37.
Rxc7 Kf8 38. Rxa7 Ke7 39. Kf1 Bd5 40. Rb2 Bc6 41. Rb6 Bxd7 42. Rbb7 Kd6 43. Ra6+ Ke5 44. Raa7 Be8 45. Rb2 Kf6 46. Rc2 g5 47. hxg5+ hxg5 48.
Ra5 Kg6 49. Kg2 Rd6 50. f3 f6 51. Rf2 Bc6 52. Ra7 Rd3 53. Ra6 Rc3 54. Rd2 Bxf3+ 55. Kf2 Bd5 56. Rd6 Rf3+ 57. Ke2 Rxg3 58. Ke1 Rg1+ 59.
Ke2 Rg4 60. Kf2 Rf4+ 61. Ke3 Rf3+ 62. Ke2 g4 63. R2xd5 exd5 64. Rxd5 f5 65. Ra5 Kg5 66. Ra8 Rb3 67. Rg8+ Kf4 68. Rc8 Rb2+ 69. Kf1 Kg3 70. Rc3+ Kh4 71. Rc8 f4 72. Rc3 f3 73. Rc1 Kh3 74.
Kg1 Rg2+ 75. Kh1 Rh2+ 76. Kg1 f2+ 77. Kf1 Rh1+ 0-1

[Event "Late-Titled-Tuesday-Blitz-October-24-2023"]
[Site "Chess.com"]
[Date "2023.10.24"]
[Round "9"]
[White "Meri-Arabidze"]
[Black "nochewycandy"]
[Result "0-1"]
[WhiteElo "2631"]
[BlackElo "2793"]
[TimeControl "180+1"]
[EndTime "15:44:51 PDT"]
[Termination "nochewycandy won by resignation"]

1. Nf3 d5 2. b3 Bg4 3. d4 Bxf3 4. exf3 e6 5. Bd3 g6 6. h4 h5 7. Bg5 Be7 8. Bxe7 Nxe7 9. Nd2 Nd7 10. f4 c5 11. Nf3 cxd4 12. Nxd4 Qc7 13. Qd2 a6 14. g3 Rc8 15. O-O O-O 16. Rae1 Nc5 17. Re5 Nxd3 18.
cxd3 Qc3 19. Qe3 Qb2 20. a4 Nc6 21. Nxc6 Rxc6 22. g4 hxg4 23. h5 d4 24. Qg3 Qxb3 25.
a5 f6 26. Ree1 gxh5 27. f5 e5 28. Rb1 Qf7 29. f3 Qg7 30. fxg4 Qxg4 31. Qxg4+ hxg4 32. Rxb7 Rf7 33. Rb8+ Kg7 34. Kg2 Rc3 35. Rd1 Rd7 36. Kg3 e4 37. Kxg4 Rxd3 38. Rh1 Rd2 39. Rbh8 Rg2+ 40.
Kf4 Kf7 41. Kxe4 d3 42. R8h7+ Rg7 43. Rxg7+ Kxg7 44. Rd1 d2 45. Ke3 Kh6 46. Ke2 Kg5 47. Rg1+ Kxf5 48. Kd1 Ke5 49. Rg8 f5 50. Ra8 Rd6 51.
Re8+ Kf4 52. Rf8 Kg4 53. Rb8 f4 54. Rb6 Rd4 55. Rxa6 f3 56. Rg6+ Kf4 57. Rf6+ Kg3 58. a6 f2 59. a7 Ra4 60. Kxd2 Rxa7 61. Rg6+ Kf3 62. Rf6+ Kg2 63. Rg6+ Kf1 64. Rg8 Re7 65. Rg6 Re5 66. Rg8 Rd5+ 67. Kc3 Ke2 68. Re8+ Kf3 69. Rf8+ Ke3 70. Kc4 Rd1 71. Re8+ Kf3 72. Rf8+ Kg2 73.
Rg8+ Kh3 74. Rh8+ Kg4 75. Rg8+ Kh5 76. Rf8 f1=Q+ 0-1

[Event "Late-Titled-Tuesday-Blitz-October-24-2023"]
[Site "Chess.com"]
[Date "2023.10.24"]
[Round "9"]
[White "Zhigalko_Sergei"]
[Black "alexrustemov"]
[Result "1-0"]
[WhiteElo "2957"]
[BlackElo "2791"]
[TimeControl "180+1"]
[EndTime "15:44:53 PDT"]
[Termination "Zhigalko_Sergei won on time"]

1. e4 e6 2. d4 d5 3. e5 Ne7 4. Nf3 b6 5. c3 Qd7 6. h4 Ba6 7. Bxa6 Nxa6 8. Qe2 Nb8 9. h5 h6 10. O-O c5 11. Rd1 Nbc6 12. Nbd2 Qc7 13. Nf1 O-O-O 14. Bf4 Kb7 15. Ne3 c4 16. b3 Na5 17. Qc2 Rc8 18. Rdc1 b5 19. Rab1 Ka8 20. b4 Nac6 21. a4 a6 22. a5 Qd7 23. Re1 Re8 24. Re2 Nc8 25. Rbe1 Bxb4 26. cxb4 Nxb4 27. Qb1 Nd3 28. g3 Nxe1 29. Nxe1 Na7 30. N3c2 Nc6 31.
Bd2 b4 32. Nxb4 Rb8 33. Nec2 Rb5 34. Qa2 Rhb8 35. Nxa6 Rb2 36. Qa4 R8b5 37. Bc3 R2b3 38. Re3 Qa7 39. Nc5 Rb1+ 40. Kg2 Nxa5 41. Na3 Nc6 42.
Nxb5 Qxa4 43. Nxa4 Rxb5 44. Rf3 Rb7 45. Nc5 Ra7 46.
g4 Ra3 47. Kg3 Kb8 48. Kg2 Kc8 49. Kg3 Kd8 50. Nb7+ Ke7 51. Bb4+ Nxb4 52. Rxa3 Nc2 53. Ra7 Nxd4 54. Nd6+ Kf8 55. Ra8+ Ke7 56. Ra7+ Kf8 57. Rxf7+ Kg8 58. Re7 c3 59. Re8+ Kh7 60. Rc8 c2 61. Kg2 g5 62. Rc7+ Kg8 63. Ne8 Kf8 64. Nf6 Ne2 65.
Rxc2 Nf4+ 66. Kf1 Nd3 67. Rc7 Nxe5 68. Nd7+ Ke7 69. Nxe5+ Kd6 70. Rh7 Kxe5 71. Rxh6 1-0

[Event "Late-Titled-Tuesday-Blitz-October-24-2023"]
[Site "Chess.com"]
[Date "2023.10.24"]
[Round "9"]
[White "IlanSchnaider"]
[Black "sergeikim"]
[Result "1-0"]
[WhiteElo "2754"]
[BlackElo "2596"]
[TimeControl "180+1"]
[EndTime "15:44:53 PDT"]
[Termination "IlanSchnaider won on time"]

1. e4 e5 2. Nf3 Nc6 3. Bc4 Bc5 4. c3 Nf6 5. d3 d6 6. O-O a6 7. a4 Ba7 8. Re1 O-O 9. h3 Be6 10.
Bxe6 fxe6 11. Be3 Qe8 12. Nbd2 Nh5 13. Nf1 Nf4 14. d4 Qg6 15. Ng3 Qf6 16. Kh2 Ne7 17.
dxe5 dxe5 18. Bxa7 Rxa7 19. Re3 Neg6 20. Qd7 b6 21.
Rd1 h6 22. b4 Kh7 23. Qc6 a5 24. b5 Nh4 25. Nxh4 Qxh4 26. Kg1 Qg5 27. Qc4 h5 28. Qf1 Raa8 29. Ne2 Rad8 30. Rg3 Qf6 31. Nc1 Rd6 32. Rxd6 cxd6 33. Kh2 Rc8 34. Qd1 Qe7 35. Nd3 g6 36. Rf3 Rf8 37. Qd2 Nxd3 38. Qxd3 Rf4 39. Rxf4 exf4 40.
Qd4 Qc7 41. Qf6 e5 42. h4 Qb8 43. Qe7+ Kh6 44. Qd7 Qf8 45. Qe6 Qb8 46. c4 Qc7 47. Kh3 Qd8 48. Qd5 Qf6 49. Kh2 g5 50. hxg5+ Kxg5 51. Qg8+ Kh6 52. f3 Qg5 53. Qh8+ Kg6 54. Qe8+ Kh6 55.
Kg1 Qg6 56. Qf8+ Kg5 57. Kf2 h4 58. Qe7+ Kh5 59. Qf8 Qg3+ 60. Kf1 Qg5 61. Qh8+ Kg6 62. Qe8+ Kh6 63. Qe6+ Kh5 64. Qf7+ Kh6 65. Kf2 Qg3+ 66. Kg1 Qg6 67. Qf8+ Kh5 68. Qh8+ Kg5 69. Kh2 1-0

[Event "Late-Titled-Tuesday-Blitz-October-24-2023"]
[Site "Chess.com"]
[Date "2023.10.24"]
[Round "9"]
[White "jimis98"]
[Black "HamedWafa4"]
[Result "0-1"]
[WhiteElo "2748"]
[BlackElo "2636"]
[TimeControl "180+1"]
[EndTime "15:45:00 PDT"]
[Termination "HamedWafa4 won on time"]

1. d4 Nf6 2. Nf3 b6 3. g3 Bb7 4.
Bg2 g6 5. O-O Bg7 6. c4 O-O 7.
Re1 d6 8. d5 e5 9. dxe6 fxe6 10. Nc3 e5 11. Ng5 Bxg2 12. Kxg2 Qd7 13. h3 h6 14. Nge4 Nxe4 15. Qd5+ Kh7 16. Qxe4 Nc6 17. h4 Ne7 18. h5 Qf5 19. hxg6+ Kxg6 20. Qxf5+ Nxf5 21. Rb1 h5 22. b3 a6 23. Bd2 Rf7 24. Rbd1 Raf8 25. Rf1 Bh6 26. Bxh6 Nxh6 27. Nd5 Ng4 28. f3 Nf6 29. Nc3 Rg8 30. Kh3 Kf5 31. e4+ Ke6 32.
Rg1 Rfg7 33. Nd5 h4 34. g4 Nxd5 35. cxd5+ Kd7 36. Kxh4 Rh8+ 37. Kg3 Rgh7 38. Kf2 Rh3 39. Rg3 Rh2+ 40. Rg2 R2h3 41. Rc1 Rf8 42. Rc3 a5 43.
Re3 b5 44. g5 Rg8 45. Re2 Rh5 46. g6 Rh6 47. Ke3 Rhxg6 48. Rh2 R8g7 49. Rc2 Rg1 50. Rhf2 Kc8 51. a4 b4 52. Rcd2 Kb7 53.
Rd3 Rb1 54. Re2 Rgg1 55. Kf2 Rbf1+ 56. Ke3 Rb1 57. Kf2 Rh1 58. Kg2 Rbg1+ 59. Kf2 Rc1 60. Ke3 Rh3 61. Rf2 Rhh1 62. Re2 Kb6 63. Kf2 Kc5 64. Kg3 Rcg1+ 65. Kf2 Rf1+ 66. Ke3 Rc1 67. Rdd2 Rc3+ 68. Rd3 Rhc1 69. Rd2 Re1+ 70. Kf2 Rb1 0-1

[Event "Late-Titled-Tuesday-Blitz-October-24-2023"]
[Site "Chess.com"]
[Date "2023.10.24"]
[Round "9"]
[White "Krakozia"]
[Black "Witik"]
[Result "1-0"]
[WhiteElo "2945"]
[BlackElo "2817"]
[TimeControl "180+1"]
[EndTime "15:45:01 PDT"]
[Termination "Krakozia won on time"]

1. c4 g6 2. Nc3 Bg7 3. d4 Nf6 4. e4 d6 5. Nf3 O-O 6. Be2 e5 7.
d5 a5 8. Bg5 h6 9. Bh4 Na6 10. O-O Qe8 11. Nd2 Nh7 12. Kh1 h5 13. f3 Bh6 14. Nb5 Be3 15. a3 Bd7 16. Bd3 Bb6 17. Qe2 Nc5 18. Bc2 a4 19. Nb1 f5 20.
exf5 gxf5 21. N1c3 Qg6 22. Bf2 c6 23. Bxc5 dxc5 24.
dxc6 bxc6 25. Rad1 Rad8 26. Rd6 Rf6 27. Rfd1 Nf8 28.
Qxe5 Re6 29. Rxe6 Qxe6 30. Qxe6+ Bxe6 31. Nxa4 Rxd1+ 32. Bxd1 Bd8 33. Nd6 Be7 34. Nb7 Bxc4 35. Naxc5 Ne6 36. Bb3 Bxb3 37. Nxb3 Bf6 38. N3a5 Bxb2 39.
a4 Bc3 40. Nxc6 Kf7 41. a5 Nc7 42. Nb8 Ke6 43. a6 Bd4 44. Nc6 Bb6 45. a7 Na8 46. h3 Kd5 47. Ne7+ Ke6 48. Nc8 Be3 49. g4 hxg4 50.
fxg4 fxg4 51. hxg4 Ke5 52. Kg2 Kf4 53. Kh3 Kg5 54.
Nbd6 Bg1 55. Nc4 Bc5 56. Ne5 Bg1 57. Kg3 Bc5 58. Nf3+ Kf6 59. g5+ Kg7 60. Kg4 Nc7 61. Kf5 Na8 62. Ne5 Bd4 63. Nc6 Bc3 64. N6e7 Nc7 65.
g6 Na8 66. Kg5 Bf6+ 67. Kf5 Bb2 68. Nd5 Ba1 69. Nf4 Bb2 70. Ne6+ Kh6 71. g7 Bxg7 72. Nxg7 Kxg7 73. Ke6 Kf8 74. Kd7 Kf7 75. Kc6 Ke6 76.
Nb6 Nc7 77. Kxc7 1-0

[Event "Late-Titled-Tuesday-Blitz-October-24-2023"]
[Site "Chess.com"]
[Date "2023.10.24"]
[Round "9"]
[White "BeanScreen"]
[Black "IgorBjelobrk"]
[Result "0-1"]
[WhiteElo "2704"]
[BlackElo "2611"]
[TimeControl "180+1"]
[EndTime "15:45:10 PDT"]
[Termination "IgorBjelobrk won by checkmate"]

1. e4 e6 2. d4 d5 3. Nc3 Bb4 4. exd5 exd5 5. Bd3 Nc6 6. a3 Bxc3+ 7. bxc3 Nge7 8.
Nf3 Bg4 9. Rb1 b6 10. h3 Bh5 11. O-O Qd7 12. Bf4 f6 13. Bh2 Bf7 14. Nh4 g5 15. Nf3 h5 16. Re1 O-O-O 17. Ba6+ Kb8 18. Bb5 Nf5 19.
Qd3 Bg6 20. Ba4 g4 21. Qa6 Ka8 22. Nh4 Nxh4 23. Re7 Nxe7 24. Bxd7 Rxd7 25. hxg4 hxg4 26. a4 Nc6 27. Qb5 Nb8 28. a5 c6 29. Qb4 b5 30. Qc5 Rc8 31. Rxb5 Na6 32. Rb8+ Nxb8 33. c4 Na6 34. Qa3 Nf5 35. c3 dxc4 36.
Qa4 Bf7 37. Qa1 Bd5 38. Qd1 Rg8 39. Qc2 Ne7 40. Qh7 Kb7 41. Bd6 Re8 42. Qb1+ Ka8 43.
Bg3 Rb7 44. Qh7 Nc8 45. Qh6 Rf7 46. Qh5 f5 47. Qg5 Nc7 48. Bh4 Ne6 49. Qe3 Kb7 50.
Qe5 Ka6 51. Qe1 Rd7 52. Qb1 Nd6 53. Bg3 Nb5 54. Be5 Be4 55. Qc1 Nec7 56. g3 Nd5 57. Qh6 Kb7 58. Qg6 Ree7 59. a6+ Kb6 60. Qg8 Kxa6 61.
Qc8+ Kb6 62. Qb8+ Rb7 63. Qd8+ Ka6 64. Qc8 Rh7 65. f3 gxf3 66. Qxc6+ Nb6 67. Qc5 Rh3 68. Bf4 Rbh7 69. Qb4 Rh1+ 70. Kf2 R7h2+ 71. Ke3 Re1# 0-1

[Event "Late-Titled-Tuesday-Blitz-October-24-2023"]
[Site "Chess.com"]
[Date "2023.10.24"]
[Round "9"]
[White "AsselLesbekova"]
[Black "ExchangeAB"]
[Result "1/2-1/2"]
[WhiteElo "2302"]
[BlackElo "2488"]
[TimeControl "180+1"]
[EndTime "15:45:17 PDT"]
[Termination "Game drawn - insufficient material"]

1. e4 c6 2. d4 d5 3. e5 Bf5 4. Nd2 e6 5. Nb3 Nd7 6. Be3 a5 7. a4 h6 8. Bd3 Ne7 9. f4 Qc7 10.
Nf3 Bxd3 11. Qxd3 Nf5 12. Bf2 c5 13. dxc5 Rc8 14. g4 Ne7 15. c4 dxc4 16. Qxc4 Nd5 17.
Rc1 b6 18. c6 Bb4+ 19. Nbd2 Nb8 20. O-O Qxc6 21. f5 O-O 22. Qxc6 Rxc6 23. Rxc6 Nxc6 24.
Nc4 Rb8 25. fxe6 fxe6 26. Nd4 Nxd4 27. Bxd4 Bc5 28. Bxc5 bxc5 29. h3 Rb4 30. Nxa5 Rxa4 31. Nb7 Re4 32. Nxc5 Rxe5 33. b3 Re3 34. Kh2 Rc3 35.
Nxe6 Nf6 36. b4 Rb3 37. Rf4 Kh7 38. Nf8+ Kg8 39. Ne6 Kf7 40. Nc5 Rb2+ 41. Kg3 Ke7 42. Ne4 Rb3+ 43. Kf2 Nd5 44. Rf5 Nxb4 45. Re5+ Kf8 46.
Kg2 Nd3 47. Rf5+ Kg8 48. Ng3 Rb2+ 49. Kf3 Rf2+ 50. Ke4 Rxf5 51. Nxf5 Nf2+ 52. Ke5 Nxh3 53. Ke6 Ng5+ 54. Ke5 Nf7+ 55. Ke6 Ng5+ 56. Ke5 Kf7 57. Nd6+ Kg6 58. Kf4 Ne6+ 59. Ke5 Ng5 60. Kf4 Nf7 61. Nf5 Kf6 62. Ng3 g5+ 63. Ke4 Nd6+ 64. Kd5 Nb5 65. Nh5+ Kg6 66. Ke5 Nc3 67. Ng3 Nd1 68. Nf5 Nf2 69.
Ne7+ Kg7 70. Kf5 Nd3 71. Nd5 Nc5 72. Nf6 Nd3 73. Nh5+ Kh7 74. Nf6+ Kg7 75. Ne8+ Kf7 76. Nd6+ Kg7 77. Ne8+ Kf8 78. Nf6 Nf4 79. Nh7+ Kg7 80. Nxg5 hxg5 81. Kxg5 Ne6+ 82. Kf5 Nf8 83. g5 Ng6 84.
Kg4 Nf8 85. Kh5 Nd7 86. Kg4 Nb6 87. Kf5 Na4 88. Ke6 Nb2 89. Ke5 Nd1 90. Kf5 Nc3 91.
Kg4 Nb5 92. Kh5 Na3 93. Kg4 Nb1 94. Kf5 Nd2 95. Kg4 Nc4 96. Kf5 Nb2 97. Kg4 Kg6 98. Kf4 Na4 99. Ke5 Nb6 100. Kd6 Nc8+ 101. Kc7 Na7 102. Kb6 Nb5 103. Kxb5 Kxg5 1/2-1/2

[Event "Late-Titled-Tuesday-Blitz-October-24-2023"]
[Site "Chess.com"]
[Date "2023.10.24"]
[Round "9"]
[White "Duhless"]
[Black "Jospem"]
[Result "0-1"]
[WhiteElo "3113"]
[BlackElo "3094"]
[TimeControl "180+1"]
[EndTime "15:45:36 PDT"]
[Termination "Jospem won by resignation"]

1. d4 Nf6 2. Nf3 e6 3. Bg5 Be7 4. Nbd2 h6 5. Bh4 b6 6. e4 Bb7 7.
Bd3 d6 8. O-O Nbd7 9. c3 Nh5 10.
Bg3 Nxg3 11. hxg3 e5 12. Qe2 a6 13. Rad1 Bf6 14. Nc4 Qe7 15. Ne3 g6 16. Rfe1 O-O 17. Qc2 Bg7 18. Bc4 b5 19. Bd5 c6 20. Bb3 Nf6 21. dxe5 dxe5 22. a4 Rad8 23. axb5 axb5 24. Ra1 Bc8 25. Ra8 Nd7 26. Ra7 Qc5 27. Rea1 Qb6 28. Nh4 Kh7 29. Qe2 Bb7 30. Qf3 Nf6 31. Ng4 Nxg4 32. Qxg4 Rd6 33. Nf3 Bf6 34. Nh2 Kg7 35. Qf3 h5 36. Nf1 Bg5 37. Ne3 Rd7 38. Nf5+ Kh7 39.
Ne3 Qd8 40. Kh2 Kg7 41. Rd1 Rxd1 42. Bxd1 Qb6 43. Ra1 Bc8 44. Bb3 Qc7 45. Rd1 Qe7 46.
Kg1 Rh8 47. Qe2 h4 48. gxh4 Bxh4 49. g3 Bg5 50. Qf3 f6 51. Ng4 b4 52. Bc4 bxc3 53.
bxc3 Qc5 54. Bb3 Qe7 55. Bc4 Rd8 56. Rxd8 Qxd8 57. Qe2 Qd2 58. Ne3 Qxc3 59. Ba6 Bxa6 60. Qxa6 Bxe3 61. fxe3 Qxe3+ 62. Kh2 Qxe4 63. Qa7+ Kh6 64.
Qd7 Qe2+ 65. Kh3 Qf1+ 66. Kh2 Qf2+ 67. Kh1 Kg5 68. Qxc6 Qf1+ 69. Kh2 Qd3 70. Kh1 Qd1+ 71. Kh2 Qd2+ 72. Kh3 Qd4 73. Kh2 f5 74. Qc7 Kg4 75.
Qc2 Qe3 76. Qd1+ Qf3 77. Qe1 e4 78. Qa5 Qxg3+ 79. Kh1 Qh3+ 80. Kg1 Qe3+ 81. Kh1 Qc1+ 82. Kh2 Qc2+ 83. Kh1 Qd3 84. Kh2 f4 85. Qb6 Kf3 86. Qxg6 Qe2+ 87. Kh3 Qf1+ 88. Kh2 Qf2+ 89. Kh1 Qh4+ 90.
Kg1 Qg3+ 91. Kh1 Qxg6 0-1

[Event "Late-Titled-Tuesday-Blitz-October-24-2023"]
[Site "Chess.com"]
[Date "2023.10.24"]
[Round "9"]
[White "hellokostya"]
[Black "Ali_rastbod"]
[Result "0-1"]
[WhiteElo "2605"]
[BlackElo "2740"]
[TimeControl "180+1"]
[EndTime "15:45:46 PDT"]
[Termination "Ali_rastbod won on time"]

1. d4 g6 2. c4 Bg7 3. e4 d6 4. Nc3 e5 5. Nf3 Nc6 6. d5 Nd4 7. h3 c5 8. dxc6 bxc6 9. Be3 c5 10.
Bd3 Ne7 11. Qd2 O-O 12. O-O-O Rb8 13. Ne1 f5 14. f3 f4 15. Bf2 Be6 16. Nc2 Nec6 17.
Nxd4 Nxd4 18. Bxd4 exd4 19. Nd5 Be5 20. Kb1 a5 21. Qc2 Bd7 22. h4 a4 23. h5 g5 24.
h6 Kh8 25. Rh5 Rg8 26. Rdh1 Be8 27. R5h2 Qa5 28. Ka1 a3 29. b3 Bf7 30. Rd1 Be6 31.
Rh5 Rbf8 32. Ne7 Qc3+ 33. Qxc3 dxc3 34. Kb1 Bf6 35. Nxg8 Kxg8 36. e5 Bxe5 37. Rxg5+ Kh8 38. Kc2 Bf6 39. Rh5 Bf7 40. Rh2 Be5 41. Be4 Bd4 42. Rd3 Re8 43. Rxc3 Bxc3 44. Kxc3 Bg6 45. Kd3 Bxe4+ 46.
fxe4 Kg8 47. Rh4 Re6 48. Rg4+ Kh8 49. Rxf4 Rxh6 50. Ke3 Kg7 51. Kf3 Rh1 52. Kg3 Rb1 53. Rf2 Rb2 54. Kf3 Kf6 55. Ke3+ Ke5 56. Rf5+ Ke6 57.
Rf2 Ke5 58. Rf5+ Ke6 59. Rf2 h5 60. g3 Rb1 61. Rh2 Re1+ 62. Re2 Ra1 63. Kf4 Kf6 64. Rh2 Rf1+ 65. Ke3 Ra1 66. Kf4 Rb1 67. Ke3 Re1+ 68. Re2 Rb1 69. Kf4 Kg6 70. Ke3 Kg5 71. Kf3 Rc1 72.
Re3 Rf1+ 73. Kg2 Ra1 74. Re2 Kg4 75. Rf2 Kg5 76. Re2 Rb1 77. Kf3 Rf1+ 78. Ke3 Kg4 79. e5 dxe5 80. Ke4 Rf3 81. Kxe5 Rxg3 82. Kd5 h4 83. Re8 h3 84. Kxc5 Rg2 85. Rg8+ Kf3 86. Rh8 h2 87. Kb4 Rxa2 88. c5 Kg2 89. Rg8+ Kf2 90.
Rf8+ Kg1 91. Rg8+ Rg2 92. Rh8 a2 93. c6 a1=Q 0-1

[Event "Late-Titled-Tuesday-Blitz-October-24-2023"]
[Site "Chess.com"]
[Date "2023.10.24"]
[Round "9"]
[White "TanitoluwaAps116"]
[Black "HalfIsCrayfish"]
[Result "1-0"]
[WhiteElo "2662"]
[BlackElo "2554"]
[TimeControl "180+1"]
[EndTime "15:45:54 PDT"]
[Termination "TanitoluwaAps116 won by resignation"]

1. e4 c5 2. Nf3 e6 3. c3 Nf6 4.
e5 Nd5 5. Bc4 Nb6 6. Bb3 d5 7.
exd6 Bxd6 8. O-O O-O 9. d4 Nc6 10. Be3 cxd4 11. cxd4 Nd5 12. Nc3 Nxe3 13. fxe3 h6 14.
Qd3 e5 15. dxe5 Nxe5 16. Nxe5 Bxe5 17. Bxf7+ Kh8 18. Bd5 Bf6 19. Ne4 Bg4 20. h3 Bh5 21.
Nxf6 Rxf6 22. Qd4 Rd6 23. e4 Qb6 24. Qxb6 Rxb6 25. b3 Re8 26. Rac1 Bg6 27. Rc7 h5 28. Re1 Rb5 29. Bxb7 Rbe5 30. Bc6 R8e6 31. Re3 Rc5 32. Bd7 Rxc7 33. Bxe6 Rc1+ 34. Kh2 Rc2 35. a4 h4 36. Bc4 Be8 37. Bd5 Rd2 38. Rf3 Kh7 39. Rf8 Bh5 40. Kg1 Bd1 41. Rf1 Bc2 42. Rf2 Rd1+ 43. Rf1 Rd2 44.
Rf2 Rd1+ 45. Kh2 Bd3 46. e5 Re1 47. e6 Kg6 48. Rf4 Re5 49. Bf3 Rxe6 50. Rg4+ Kf7 51. Rxh4 Re3 52. Rd4 Bc2 53. b4 Bxa4 54. Rd6 Bb5 55.
Rd5 a6 56. Rd4 Re1 57. Kg3 Rb1 58. Kf4 Kf6 59. h4 g6 60. g4 Re1 61. g5+ Kf7 62. Re4 Rf1 63. Rd4 Bc6 64. Rd3 Ke6 65. Kg4 Rg1+ 66.
Kf4 Rf1 67. Kg3 Bxf3 68. Rxf3 Rg1+ 69. Kf2 Rh1 70. Rf6+ Ke5 71. Kg3 Rg1+ 72. Kh2 Rb1 73. Rxa6 Rxb4 74. Kg3 Rb3+ 75. Kg4 Rb4+ 76. Kg3 Rb3+ 77.
Kg2 Rb2+ 78. Kf3 Rb3+ 79. Kf2 Rb2+ 80. Ke3 Rb3+ 81. Ke2 Rb2+ 82. Kd3 Rh2 83. Ra4 Rh3+ 84. Ke2 Kf5 85. Kf2 Rb3 86. Kg2 Rc3 87. Rd4 Rb3 88. Kf2 Rc3 89. Rd6 Rh3 90. Rf6+ Ke5 91.
Rxg6 Rxh4 92. Kg3 Rh1 93. Rf6 Ke4 94. Kg4 Ke5 95. Rf2 Ke6 96. g6 Rg1+ 97. Kh5 Ke7 98. Kh6 Ra1 99. g7 Rh1+ 100. Kg6 Rg1+ 101. Kh7 Rh1+ 102. Kg8 Rh3 103. Re2+ Kf6 104. Kf8 Ra3 105. g8=Q Ra8+ 106. Re8 1-0